 Dungeon Crawl Stone Soup version 0.27-a0-1144-g0b7d3b79db (webtiles) character file.

Game seed: 18424836783033373041

0 tracerfett the Conjurer (level 1, 0/14 HPs)
             Began as a Demigod Conjurer on May 10, 2021.
             Slain by a kobold
             ... wielding a +0 short sword
              (4 damage)
             ... on level 1 of the Dungeon.
             The game lasted 00:01:49 (55 turns).

tracerfett the Conjurer (Demigod Conjurer)            Turns: 55, Time: 00:01:50

Health: 0/14       AC:  2    Str:  8    XL:     1   Next: 6%
Magic:  5/5        EV: 12    Int: 20    God:
Gold:   13         SH:  0    Dex: 12    Spells: 2/3 levels left

rFire    . . .     SeeInvis .   (no weapon)
rCold    . . .     Faith    .   (no shield)
rNeg     . . .     Spirit   .   a - +0 robe
rPois    .         Reflect  .   (no helmet)
rElec    .         Harm     .   (no cloak)
rCorr    .         Rampage  .   (no gloves)
Will     .....                  (no boots)
Stlth    ++........             (no amulet)
HPRegen  0.04/turn              (no ring)
MPRegen  0.09/turn              (no ring)

@: no status effects
A: high mp 1, forlorn
a: no special abilities


You were on level 1 of the Dungeon.
You visited 1 branch of the dungeon, and saw 1 of its levels.

You collected 13 gold pieces.

Inventory:

Armour
 a - a +0 robe (worn)
Scrolls
 b - a scroll of teleportation {unknown}


   Skills:
 + Level 1.7 Dodging
 + Level 1.7 Stealth
 + Level 1.7 Spellcasting
 + Level 3.6 Conjurations


You had 2 spell levels left.
You knew the following spells:

 Your Spells              Type           Power      Damage    Failure   Level
a - Magic Dart            Conj           64%        1d6       3%          1

Your spell library contained the following spells:

 Spells                   Type           Power      Damage    Failure   Level
 Searing Ray              Conj           32%        3d4       5%          2
 Dazzling Flash           Conj/Hex       18%        N/A       22%         3
 Fulminant Prism          Conj/Hex       4%         3d6       58%         4
 Iskenderun's Mystic Bla  Conj/Tloc      9%         2d4       58%         4


Dungeon Overview and Level Annotations

Branches:
Dungeon (1/15)


Innate Abilities, Weirdness & Mutations

Your attributes grow dramatically as you level up.
You have an increased reservoir of magic. (+10% MP)
You shall have no god before yourself.


Message History

The rat closely misses you.
You hit the rat.
The rat is severely wounded.
The rat completely misses you.
You hit the rat but do no damage.
The rat is severely wounded.
The rat bites you but does no damage.
You hit the rat.
You kill the rat!
Found 6 gold pieces.
b - a scroll labelled ZEYLUH HAUSHENN You now have 13 gold pieces (gained 6).
Unknown command.
Unknown command.
Sorry, you're not good enough to have a special ability.
You stumble into a teleport trap!
You are suddenly yanked towards some nearby monsters!
Your surroundings suddenly seem different.
A kobold comes into view. It is wielding a +0 short sword.
The kobold shouts!
You hear a shout! x2
A hobgoblin comes into view.
A goblin comes into view. It is wielding a +0 club.
A hobgoblin comes into view.
The kobold hits you with a +0 short sword.
You hit the kobold but do no damage. The kobold hits you but does no damage.
You closely miss the kobold.
The kobold hits you with a +0 short sword.
You hit the kobold but do no damage. The goblin closely misses you.
The kobold hits you with a +0 short sword.
You closely miss the goblin. The goblin barely misses you.
The kobold barely misses you.
You closely miss the goblin. The goblin hits you with a +0 club.
The kobold hits you with a +0 short sword.
* * * LOW HITPOINT WARNING * * *
The goblin misses you. The goblin closely misses you.
You closely miss the hobgoblin. The hobgoblin closely misses you.
The goblin barely misses you.
The kobold hits you with a +0 short sword.
You die...

##########
......g@.#
.......gK#
.......g.#
.........#
.........+
#........#
#######...
#....
#....


You could see 2 hobgoblins, a goblin and a kobold.

Vanquished Creatures
  A rat (D:1)
1 creature vanquished.

Notes
Turn   | Place    | Note
-------+----------+-------------------------------------------
     0 | D:1      | tracerfett the Demigod Conjurer began the quest for the
                  | Orb.
     0 | D:1      | Reached XP level 1. HP: 14/14 MP: 5/5
    55 | D:1      | Slain by a kobold

Illustrated notes

Levels and vault maps discovered:
D:1:      lightli_arrival_flooded_house, layout_basic

Action                   || total
-------------------------++-------
Melee: Unarmed           ||     9
Armor: Robe              ||     2
Dodge: Dodged            ||     9

Table legend: (Time is in decaauts)
 A = Elapsed time spent in this place.
 B = Non-inter-level travel time spent in this place.
 C = Inter-level travel time spent in this place.
 D = Time resting spent in this place.
 E = Time spent auto-exploring this place.
 F = Levels seen in this place.
 G = Mean time per level.
                   A        B        C        D        E       F      G
               +--------+--------+--------+--------+--------+-----+--------+
         Total |     55 |     42 |     13 |      0 |      0 |   1 |   55.0 |
       Dungeon |     55 |     42 |     13 |      0 |      0 |   1 |   55.0 |
               +--------+--------+--------+--------+--------+-----+--------+

Top non-repeatable levels by time:
     D:1: 55 daAuts
